 Dungeon Crawl Stone Soup version 0.22-a0-402-ga933591907 (webtiles) character file.

1409 Majang the Ruffian (level 8, 0/79 HPs)
             Began as a Troll Monk on May 6, 2018.
             Was a Believer of Cheibriados.
             Slain by an apocalypse crab (12 damage)
             ... on level 1 of the Abyss.
             The game lasted 00:17:25 (3387 turns).

Majang the Ruffian (Troll Monk)                     Turns: 3387, Time: 00:17:26

Health: 0/79       AC:  4    Str: 30    XL:     8   Next: 42%
Magic:  10/10      EV: 12    Int: 14    God:    Cheibriados [**....]
Gold:   264        SH:  0    Dex: 18    Spells: 11/12 levels left

rFire    . . .     SeeInvis .     - Unarmed
rCold    . . .     Gourm    +   (no shield)
rNeg     . . .     Faith    .   n - +2 robe {Archmagi}
rPois    .         Spirit   .   (helmet restricted)
rElec    .         Reflect  .   y - +0 cloak
rCorr    +         Harm     .   (gloves unavailable)
MR       .....                  (boots unavailable)
Stlth    ++........             (no amulet)
HPRegen  0.63/turn              f - +4 ring of strength
MPRegen  0.12/turn              r - ring of resist corrosion

@: corroded, very slow
A: large, unfitting armour, claws 3, fast metabolism 3, gourmand, regeneration
1, shaggy fur 1, tough skin 2
a: Bend Time, Renounce Religion


You were on level 1 of the Abyss.
You worshipped Cheibriados.
Cheibriados was pleased with you.
You were completely stuffed.

You visited 2 branches of the dungeon, and saw 6 of its levels.
You visited the Abyss 1 time.

You collected 264 gold pieces.

Inventory:

Missiles
 h - 49 stones (quivered)
Armour
 n - a +2 robe of the Archmagi (worn)
 y - a +0 cloak (worn)
Jewellery
 f - a +4 ring of strength (left claw)
 r - a ring of resist corrosion (right claw)
Wands
 m - a wand of flame (32)
Scrolls
 i - 2 scrolls of enchant weapon {unknown}
 k - a scroll of random uselessness {unknown}
 o - 2 scrolls of amnesia {unknown}
 p - 2 scrolls of identify {unknown}
 q - a scroll of fear {unknown}
 s - 3 scrolls of immolation {unknown}
 t - 4 scrolls of remove curse {unknown}
 v - a scroll of blinking {unknown}
 w - a scroll of noise {unknown}
 x - a scroll of magic mapping {unknown}
Potions
 d - a potion of flight
 e - a potion of might
 g - 2 potions of curing {unknown}
 j - a potion of agility {unknown}
 l - 2 potions of heal wounds {unknown}
 u - a potion of lignification {unknown}
 z - a potion of cancellation {unknown}
 A - a potion of degeneration {unknown}
Comestibles
 b - 11 rations


   Skills:
 + Level 4.9 Fighting
 - Level 4.1 Dodging
 - Level 1.0 Stealth
 + Level 5.9 Unarmed Combat
 * Level 2.5 Spellcasting
 + Level 2.1 Conjurations
 + Level 2.2 Invocations


You had 11 spell levels left.
You knew the following spells:

 Your Spells              Type           Power        Failure   Level  Hunger
a - Magic Dart            Conj           ##..         10%         1    #......


Dungeon Overview and Level Annotations

Branches:
Dungeon (5/15)             Temple (1/1) D:4

Altars:
Ashenzari
Cheibriados
Dithmenos
Elyvilon
Gozag
Hepliaklqana
Nemelex Xobeh
Okawaru
Qazlal
Uskayaw
Wu Jian
Xom
Yredelemnul
The Shining One

Annotations:
D:5 Edmund


Innate Abilities, Weirdness & Mutations

You are too large for most types of armour.
You have claws for hands.
Your metabolism is lightning-fast.
You like to eat raw meat.
Your natural rate of healing is unusually fast.
You are covered in fur. (AC +1)
You have very tough skin. (AC +2)


Message History

The apocalypse crab is engulfed in seething chaos.
The apocalypse crab barely misses you. The apocalypse crab misses you.
You scratch the apocalypse crab.
The apocalypse crab is moderately wounded.
You are engulfed in seething chaos.
The apocalypse crab is engulfed in seething chaos.
The apocalypse crab bites you!
You are engulfed in flames!
The apocalypse crab claws you. The apocalypse crab freezes you!
You claw the apocalypse crab!
The apocalypse crab is heavily wounded.
You are engulfed in seething chaos.
The apocalypse crab is engulfed in seething chaos.
The apocalypse crab bites you!
* * * LOW HITPOINT WARNING * * *
The apocalypse crab claws you!
* * * LOW HITPOINT WARNING * * *
You scratch the apocalypse crab. You claw the apocalypse crab.
The apocalypse crab is severely wounded.
The apocalypse crab closely misses you. The apocalypse crab claws you!
You die...

...... ...... #.....
...... #.... ...?.#
...##
##...###...###..... #
##...%.#.....#....##. #.
.................. # # .
......t...........# #...
.......@..........# # ##
##.....#.....#....#.....
##..[# #...###....# .#.
#.....#.....#.. . ##.##
#.................#.# .♣
...................## ≈≈
.......... .......#..≈ ≈
.#....[#.....#.....#♣≈≈#
#._.### ..### ..#≈≈≈.#


You could see an apocalypse crab.

Vanquished Creatures
  The ghost of jacksonrr the Carver, a novice HOFi of Beogh (D:5)
  Sigmund (D:2)
  Eustachio (D:5)
  Duvessa (D:5)
  The ghost of RaHiT the Chiller, an amateur DrIE (D:4)
  A water moccasin zombie (D:5)
  A scorpion (D:5)
  Dowan (D:5)
  A crimson imp (D:5)
  A jelly (D:5)
  A bullfrog skeleton (D:4)
  An iguana (D:3)
  3 orc wizards (D:5)
  4 worker ants
  A hound skeleton (D:5)
  A howler monkey zombie (D:4)
  6 adders
  3 gnolls (D:4)
  3 dart slugs
  3 leopard geckos
  11 orcs
  4 bats
  2 giant cockroaches
  7 goblins
  7 hobgoblins
  11 jackals
  2 quokkas
  2 ball pythons
  5 frilled lizards
  4 kobolds
  A leopard gecko skeleton (D:5)
  A leopard gecko zombie (D:5)
  4 rats
97 creatures vanquished.

Notes
Turn   | Place    | Note
-------+----------+-------------------------------------------
     0 | D:1      | Majang the Troll Monk began the quest for the Orb.
     0 | D:1      | Reached XP level 1. HP: 22/22 MP: 0/0
    84 | D:1      | Reached XP level 2. HP: 27/29 MP: 1/1
   416 | D:1      | Reached XP level 3. HP: 34/36 MP: 2/2
   688 | D:2      | Found an opulent altar of Gozag.
   724 | D:2      | Noticed Sigmund
   725 | D:2      | Found a shadowy altar of Dithmenos.
   735 | D:2      | Killed Sigmund
   735 | D:2      | Reached skill level 4 in Unarmed Combat
   735 | D:2      | Reached XP level 4. HP: 26/46 MP: 3/3
   735 | D:2      | Reached XP level 5. HP: 30/53 MP: 4/4
  1356 | D:3      | Found a faded altar of an unknown god.
  2159 | D:4      | Reached XP level 6. HP: 57/62 MP: 5/5
  2164 | D:4      | Noticed RaHiT's ghost (amateur DrIE)
  2327 | D:4      | Killed RaHiT's ghost
  2408 | D:4      | Reached skill level 5 in Unarmed Combat
  2414 | D:4      | Learned a level 1 spell: Magic Dart
  2563 | D:4      | Found a staircase to the Ecumenical Temple.
  2568 | Temple   | Entered the Ecumenical Temple
  2666 | D:4      | Reached XP level 7. HP: 69/70 MP: 6/6
  2844 | D:5      | Entered Level 5 of the Dungeon
  2851 | D:5      | Found a snail-covered altar of Cheibriados.
  2860 | D:5      | Became a worshipper of Cheibriados the Contemplative
  2860 | D:5      | Reached * piety under Cheibriados
  2860 | D:5      | Reached ** piety under Cheibriados
  2898 | D:5      | Reached skill level 1 in Spellcasting
  3003 | D:5      | Reached skill level 1 in Conjurations
  3017 | D:5      | Noticed jacksonrr's ghost (novice HOFi)
  3033 | D:5      | Killed jacksonrr's ghost
  3033 | D:5      | Reached skill level 1 in Invocations
  3070 | D:5      | Noticed Eustachio
  3082 | D:5      | Killed Eustachio
  3082 | D:5      | Reached XP level 8. HP: 48/79 MP: 8/10
  3153 | D:5      | Noticed Dowan
  3156 | D:5      | Noticed Duvessa
  3159 | D:5      | Killed Dowan
  3164 | D:5      | Killed Duvessa
  3184 | D:5      | Noticed Edmund
  3298 | D:5      | Found a basalt altar of Yredelemnul.
  3341 | D:5      | Cast into level 1 of the Abyss (Edmund)
  3378 | Abyss:1  | Found a snail-covered altar of Cheibriados.
  3380 | Abyss:1  | Noticed an apocalypse crab
  3387 | Abyss:1  | Slain by an apocalypse crab

Vault maps used:
D:1:      dpeg_arrival_boxorama
D:2:      nicolae_gozag_cash_rules_everything_around_me, lemuel_round_altar,
          serial_bayou, serial_bayou_lake_a, serial_bayou_ford_a, uniq_sigmund
D:3:      kennysheep_big_flooded_room, chequers_ecumenical_altar_twisty
D:4:      minmay_temple_entry_glassed_door, minmay_curled_crystal
D:5:      kennysheep_mini_moat, nicolae_overflow_crystal_walls, first_ration,
          nemelex_lonely_heart_becter, uniq_duvessa, uniq_eustachio, uniq_edmund
Temple:   jpeg_temple_alley_garden

Skill      XL: |  1  2  3  4  5  6  7  8 |
---------------+-------------------------+-----
Fighting       | 3 4 |  4.9
Dodging        | 3 4 |  4.1
Unarmed Combat | 4 5 |  5.9
Spellcasting   | 2 |  2.5
Conjurations   | 1 2 |  2.1
Invocations    | 1 2 |  2.2
Stealth        | |  1.0

Action                   |  1- 3 |  4- 6 |  7- 9 || total
-------------------------+-------+-------+-------++-------
Melee: Unarmed           |    79 |   130 |    90 ||   299
       Punch             |     2 |       |     3 ||     5
 Cast: Magic Dart        |       |       |     3 ||     3
Evoke: Wand              |       |       |     1 ||     1
  Use: Potion            |       |     1 |     2 ||     3
 Stab: Sleeping          |     2 |     2 |       ||     4
       Distracted        |       |       |     1 ||     1
  Eat: Chunk             |    12 |    18 |     5 ||    35
Armor: Robe              |    16 |    40 |    20 ||    76
Dodge: Dodged            |    36 |    56 |    38 ||   130

Table legend:
 A = Spawn XP
 B = Non-spawn XP
 C = Spawn XP percentage of total XP
 D = Spawn monster count
 E = Non-spawn monster count
 F = Spawn count percentage of total count
 G = Total turns spent on level
                    A         B        C        D         E        F      G
               +---------+---------+-------+---------+---------+-------+---------
         Total |       0 |    2013 |   0.0 |       0 |      97 |   0.0 |  3387
               +---------+---------+-------+---------+---------+-------+---------
           D:1 |       0 |      42 |   0.0 |       0 |      22 |   0.0 |   542
           D:2 |       0 |     282 |   0.0 |       0 |      18 |   0.0 |   793
           D:3 |       0 |      96 |   0.0 |       0 |      15 |   0.0 |   916
           D:4 |       0 |     361 |   0.0 |       0 |      18 |   0.0 |   512
           D:5 |       0 |    1232 |   0.0 |       0 |      24 |   0.0 |   497
               +---------+---------+-------+---------+---------+-------+---------
